 Dungeon Crawl Stone Soup version 0.29-a0-575-g0dc89cf053 (webtiles) character file.

Game seed: 5081460483854273806

196 spaghetti the Conjurer (level 5, -2/37 HPs)
             Began as a Gnoll Conjurer on June 12, 2022.
             Was a Follower of Yredelemnul.
             Slain by an orc wizard
             ... wielding a +0 dagger of venom
              (4 damage)
             ... on level 4 of the Dungeon.
             The game lasted 00:04:52 (3136 turns).

spaghetti the Conjurer (Gnoll Conjurer)             Turns: 3136, Time: 00:04:53

Health: -2/37      AC:  9    Str:  7    XL:     5   Next: 75%
Magic:  0/12       EV: 13    Int: 19    God:    Yredelemnul [*.....]
Gold:   159        SH:  0    Dex: 10    Spells: 11/14 levels left

rFire   . . .      SeeInvis .     - Unarmed
rCold   . . .      Faith    .   (no shield)
rNeg    . . .      Spirit   .   a - +0 robe
rPois   .          Reflect  .   (no helmet)
rElec   .          Harm     .   (no cloak)
rCorr   .          Rampage  .   J - +2 pair of gloves
Will    .....                   (no boots)
Stlth   ++........              (no amulet)
HPRegen 0.12/turn               u - +4 ring of protection
MPRegen 0.13/turn               (no ring)

@: no status effects
A: fangs 1, strong nose, distributed training
a: Renounce Religion, Recall Undead Harvest


You were on level 4 of the Dungeon.
You worshipped Yredelemnul.
Yredelemnul was noncommittal.
You visited 1 branch of the dungeon, and saw 4 of its levels.

You collected 159 gold pieces.


Innate Abilities, Weirdness & Mutations

You have very sharp teeth.
Your uncanny sense of smell can sniff out nearby items.
Your experience applies equally to all skills.


   Skills:
 + Level 1.6 Fighting
 + Level 1.6 Short Blades
 + Level 1.6 Long Blades
 + Level 1.6 Axes
 + Level 1.6 Maces & Flails
 + Level 1.6 Polearms
 + Level 1.6 Staves
 + Level 1.6 Slings
 + Level 1.6 Bows
 + Level 1.6 Crossbows
 + Level 1.6 Throwing
 + Level 1.6 Armour
 + Level 4.8 Dodging
 + Level 4.4 Stealth
 + Level 1.6 Shields
 + Level 1.6 Unarmed Combat
 + Level 5.2 Spellcasting
 + Level 7.2 Conjurations
 + Level 1.3 Hexes
 + Level 1.3 Summonings
 + Level 1.3 Necromancy
 + Level 1.3 Translocations
 + Level 1.3 Transmutations
 + Level 1.3 Fire Magic
 + Level 1.3 Ice Magic
 + Level 1.3 Air Magic
 + Level 1.3 Earth Magic
 + Level 1.3 Poison Magic
 + Level 1.8 Invocations
 + Level 1.6 Evocations


You had 11 spell levels left.
You knew the following spells:

 Your Spells              Type           Power      Damage    Failure   Level
a - Magic Dart            Conj           100%       1d8       1%          1
b - Searing Ray           Conj           64%        2d6       1%          2

Your spell library contained the following spells:

 Spells                   Type           Power      Damage    Failure   Level
 Dazzling Flash           Conj/Hex       42%        N/A       6%          3
 Stone Arrow              Conj/Erth      42%        3d9       6%          3
 Sandblast                Erth           18%        2d7       7%          1
 Ensorcelled Hibernation  Hex/Ice        18%        N/A       11%         2
 Passwall                 Tmut/Erth      7%         N/A       11%         2
 Sublimation of Blood     Necr           9%         N/A       11%         2
 Wereblood                Tmut           9%         N/A       11%         2
 Fulminant Prism          Conj/Hex       10%        3d9       21%         4
 Iskenderun's Mystic Bla  Conj/Tloc      21%        2d6       21%         4
 Confusing Touch          Hex            9%         N/A       22%         3
 Summon Hydra             Summ           4%         N/A       100%        7

Inventory:

Hand Weapons
 c - a +0 short sword {short}
   (You took it off a kobold on level 1 of the Dungeon)
 e - a +0 short sword {short}
   (You took it off a kobold on level 1 of the Dungeon)
 g - a +0 dagger {short}
   (You took it off a goblin on level 1 of the Dungeon)
 i - a +0 short sword {short}
   (You found it on level 1 of the Dungeon)
 l - a +0 short sword {short}
   (You took it off a kobold on level 1 of the Dungeon)
 m - a +0 whip {mace}
   (You took it off a kobold on level 1 of the Dungeon)
 q - a +0 club {mace}
   (You found it on level 1 of the Dungeon)
 x - a +0 mace {mace}
   (You found it on level 2 of the Dungeon)
 y - a +0 dagger {short}
   (You took it off a goblin on level 2 of the Dungeon)
 A - a +0 hunting sling {sling}
   (You found it on level 2 of the Dungeon)
 B - a +0 hand axe {axe}
   (You found it on level 2 of the Dungeon)
 D - a +0 long sword {long}
   (You found it on level 2 of the Dungeon)
 E - a +0 short sword {short}
   (You took it off a kobold on level 2 of the Dungeon)
 F - a +0 dagger {short}
   (You took it off a goblin on level 2 of the Dungeon)
 G - a +0 flail {mace}
   (You found it on level 2 of the Dungeon)
 H - a +0 flail {mace}
   (You found it on level 2 of the Dungeon)
 I - a +0 spear {polearm}
   (You found it on level 2 of the Dungeon)
 K - a +0 club {mace}
   (You found it on level 2 of the Dungeon)
 L - a +0 spear {polearm}
   (You took it off a gnoll on level 3 of the Dungeon)
 M - a +0 whip {mace}
   (You took it off a gnoll on level 3 of the Dungeon)
 N - a +0 whip {mace}
   (You took it off a gnoll on level 3 of the Dungeon)
 P - a +0 dagger {short}
   (You found it on level 3 of the Dungeon)
 Q - a +0 hand axe {axe}
   (You found it on level 3 of the Dungeon)
 R - a +0 club {mace}
   (You took it off an orc on level 3 of the Dungeon)
 T - a +0 quarterstaff {staff}
   (You found it on level 3 of the Dungeon)
Missiles
 d - 85 stones {throwing}
 p - 12 poisoned darts {throwing}
 z - 5 boomerangs {throwing}
Armour
 a - a +0 robe (worn)
 J - a +2 pair of gloves (worn)
   (You found it on level 2 of the Dungeon)
Jewellery
 u - a +4 ring of protection (left hand)
   (You found it on level 1 of the Dungeon)
Wands
 O - a wand of flame (19)
   (You found it on level 3 of the Dungeon)
Scrolls
 h - a scroll of acquirement {unknown}
 k - a scroll of immolation {unknown}
 r - 3 scrolls of teleportation {unknown}
 s - 4 scrolls of identify {unknown}
 w - a scroll of noise {unknown}
 C - a scroll of enchant armour {unknown}
 S - a scroll of blinking {unknown}
 V - a scroll of fear {unknown}
 W - a scroll of poison {unknown}
Potions
 f - 2 potions of heal wounds {unknown}
 j - 2 potions of cancellation {unknown}
 n - 2 potions of brilliance {unknown}
 o - 3 potions of flight {unknown}
 t - a potion of berserk rage {unknown}
 v - a potion of curing {unknown}
 U - a potion of attraction {unknown}

Dungeon Overview and Level Annotations

Branches:
Dungeon (4/15)
 Temple: D:4-7

Altars:
Ashenzari
Yredelemnul

#### . ###..## ..
#..... ... #...# ....
###..###.)...
#....){......
##..@oZ!.# #........#
#######........#
##.#.........Z..#
#...............# ##
#...............# .#
##.............##
.#####................
.......................


You could see an orc (ally target), a friendly black bear zombie and a friendly
giant cockroach zombie.


Message History

😨 HP[-6] MP[-1]
You take 6 damage, and now have 15/37 hp.
You lost 1 mp, and now have 8/12 mp.
Casting: Searing Ray (safe; 1% risk of failure)
Confirm with . or Enter, or press ? or * to list all spells.
Restarting spell: Searing Ray (safe; 1% risk of failure)
Press: ? - help, Shift-Dir - straight line, f/p - orc priest
Aim: an orc priest, wielding a +0 hand axe and wearing a +2 ring mail of poison resistance (heavily wounded, ally target, 83% to hit)
The searing ray hits the orc priest!
You kill the orc priest! (Press . to maintain the ray.)
The black bear closely misses you.
The black bear claws you but does no damage.
The black bear claws you.
* * * LOW HITPOINT WARNING * * *
Your giant cockroach zombie closely misses the black bear. 😨 HP[-2] MP[-1]
You take 2 damage, and now have 13/37 hp.
You lost 1 mp, and now have 7/12 mp.
Casting: Searing Ray (safe; 1% risk of failure)
Confirm with . or Enter, or press ? or * to list all spells.
Restarting spell: Searing Ray (safe; 1% risk of failure)
Press: ? - help, Shift-Dir - straight line, f - orc
Aim: an orc, wielding a +0 short sword and wearing a +0 leather armour (81% to hit)
Really fire in your giant cockroach zombie's direction?
Okay, then.
Casting: Searing Ray (safe; 1% risk of failure)
Confirm with . or Enter, or press ? or * to list all spells.
Restarting spell: Searing Ray (safe; 1% risk of failure)
Press: ? - help, Shift-Dir - straight line, f - black bear, p - orc
Aim: a black bear (ally target, 86% to hit)
The searing ray hits the black bear. (Press . to maintain the ray.)
The orc closely misses you. Something barely misses you.
The black bear barely misses you.
The black bear claws you but does no damage.
The black bear barely misses you.
Your giant cockroach zombie bites the black bear but does no damage. 😨 MP[-2]
You lost 2 mp, and now have 5/12 mp.
The searing ray hits the black bear.
The black bear completely misses you. The black bear misses you.
The black bear barely misses you. The orc hits you but does no damage.
You hear some strange, mumbled words.
A puff of flame appears from out of thin air!
The puff of flame hits you.
* * * LOW HITPOINT WARNING * * *
Your giant cockroach zombie bites the black bear. 😨 HP[-2] MP[-1]
You take 2 damage, and now have 11/37 hp.
You lost 1 mp, and now have 4/12 mp.
The searing ray hits the black bear.
The orc barely misses you.
The black bear bites you but does no damage.
The black bear closely misses you. The black bear barely misses you.
Something completely misses you.
Your giant cockroach zombie bites the black bear. 😨 MP[-1]
You lost 1 mp, and now have 3/12 mp.
The searing ray hits the black bear!
You finish channelling your searing ray.
The black bear goes berserk!
The orc barely misses you. Something barely misses you.
Your giant cockroach zombie bites the black bear but does no damage. 😨 MP[-1]
You lost 1 mp, and now have 2/12 mp.
Okay, then.
Casting: Searing Ray (safe; 1% risk of failure)
Confirm with . or Enter, or press ? or * to list all spells.
Aiming: Searing Ray (safe; 1% risk of failure)
Press: ? - help, Shift-Dir - straight line, f/p - black bear
Aim: a black bear (almost dead, berserk, ally target, 86% to hit)
The searing ray hits the black bear. (Press . to maintain the ray.)
The black bear closely misses you.
The black bear claws you but does no damage.
The black bear closely misses you. Something hits you but does no damage.
The orc hits you with a +0 short sword.
* * * LOW HITPOINT WARNING * * *
The black bear bites you.
* * * LOW HITPOINT WARNING * * *
The black bear claws you.
* * * LOW HITPOINT WARNING * * *
The black bear misses you.
Your giant cockroach zombie closely misses the black bear. 😱 HP[-10] MP[-2]
You take 10 damage, and now have 1/37 hp.
MASSIVE DAMAGE!! (PAUSE)
You lost 2 mp, and now have 0/12 mp.
Okay, then.
Okay, then.
That's the wrong kind of item! (Use * to select it.) Evoke which item? (* to show all) (? for menu, Esc to quit)
Aiming: Throw Flame
Press: ? - help, Shift-Dir - straight line, f/p - black bear
Aim: a black bear (almost dead, berserk, ally target, 79% to hit)
The puff of flame hits the black bear.
You kill the black bear!
The dead are walking!
Something hits you.
You die...
Your body rises from the dead as a mindless zombie.

Skill      XL: |  1  2  3  4 |
---------------+-------------+-----
Spellcasting   | 5 |  5.2
Invocations    | 1 |  1.8
Fighting       | 1 |  1.6
Short Blades   | 1 |  1.6
Long Blades    | 1 |  1.6
Axes           | 1 |  1.6
Maces & Flails | 1 |  1.6
Polearms       | 1 |  1.6
Staves         | 1 |  1.6
Slings         | 1 |  1.6
Bows           | 1 |  1.6
Crossbows      | 1 |  1.6
Throwing       | 1 |  1.6
Armour         | 1 |  1.6
Shields        | 1 |  1.6
Unarmed Combat | 1 |  1.6
Evocations     | 1 |  1.6
Hexes          | 1 |  1.3
Summonings     | 1 |  1.3
Necromancy     | 1 |  1.3
Translocations | 1 |  1.3
Transmutations | 1 |  1.3
Fire Magic     | 1 |  1.3
Ice Magic      | 1 |  1.3
Air Magic      | 1 |  1.3
Earth Magic    | 1 |  1.3
Poison Magic   | 1 |  1.3
Dodging        | |  4.8
Stealth        | |  4.4
Conjurations   | |  7.2

Action                   |  1- 3 |  4- 6 || total
-------------------------+-------+-------++-------
Melee: Unarmed           |       |    20 ||    20
       Punch             |       |     1 ||     1
       Bite              |       |     3 ||     3
 Cast: Magic Dart        |    41 |    59 ||   100
       Searing Ray       |     7 |     6 ||    13
Evoke: Wand              |       |     1 ||     1
  Use: Potion            |       |     1 ||     1
Armor: Robe              |     1 |    12 ||    13
Dodge: Dodged            |     7 |    34 ||    41

Levels and vault maps discovered:
D:1:      amcnicky_arrival_feature_with_door, layout_basic
D:2:      layout_basic, shapermc_ecumenical_altar_totnotflames
D:3:      layout_loops_ring, ashenzari_conservatory_becter
D:4:      layout_cave_pools

Notes
Turn   | Place    | Note
-------+----------+-------------------------------------------
     0 | D:1      | spaghetti the Gnoll Conjurer began the quest for the Orb.
     0 | D:1      | Reached XP level 1. HP: 13/13 MP: 6/6
     0 | D:1      | magus.rc [v1.9.6]
   207 | D:1      | magus.rc [v1.9.6]
   229 | D:1      | Reached XP level 2. HP: 19/19 MP: 3/7
   412 | D:1      | You pick up a book of Blood and begin reading...
   412 | D:1      | You add the spells Sublimation of Blood, Wereblood and
                  | Summon Hydra to your library.
   416 | D:1      | Learned a level 2 spell: Searing Ray
   729 | D:1      | You add the spells Ensorcelled Hibernation and Confusing
                  | Touch to your library.
   729 | D:1      | Got the Almanac of Malediction
  1123 | D:2      | Reached XP level 3. HP: 25/25 MP: 7/9
  1169 | D:2      | Found a faded altar of an unknown god.
  1213 | D:2      | Reached skill level 5 in Spellcasting
  1219 | D:2      | Prayed at the altar of an unknown god.
  1219 | D:2      | Became a worshipper of Yredelemnul the Dark
  1219 | D:2      | Reached * piety under Yredelemnul
  1431 | D:2      | Reached skill level 1 in Invocations
  1595 | D:2      | Reached ** piety under Yredelemnul
  1667 | D:2      | Reached skill level 1 in Fighting
  1667 | D:2      | Reached skill level 1 in Short Blades
  1667 | D:2      | Reached skill level 1 in Long Blades
  1667 | D:2      | Reached skill level 1 in Axes
  1667 | D:2      | Reached skill level 1 in Maces & Flails
  1667 | D:2      | Reached skill level 1 in Polearms
  1667 | D:2      | Reached skill level 1 in Staves
  1667 | D:2      | Reached skill level 1 in Slings
  1667 | D:2      | Reached skill level 1 in Bows
  1667 | D:2      | Reached skill level 1 in Crossbows
  1667 | D:2      | Reached skill level 1 in Throwing
  1667 | D:2      | Reached skill level 1 in Armour
  1667 | D:2      | Reached skill level 1 in Shields
  1667 | D:2      | Reached skill level 1 in Unarmed Combat
  1667 | D:2      | Reached skill level 1 in Evocations
  1799 | D:2      | Reached XP level 4. HP: 32/32 MP: 8/11
  2162 | D:3      | Reached skill level 1 in Hexes
  2162 | D:3      | Reached skill level 1 in Summonings
  2162 | D:3      | Reached skill level 1 in Necromancy
  2162 | D:3      | Reached skill level 1 in Translocations
  2162 | D:3      | Reached skill level 1 in Transmutations
  2162 | D:3      | Reached skill level 1 in Fire Magic
  2162 | D:3      | Reached skill level 1 in Ice Magic
  2162 | D:3      | Reached skill level 1 in Air Magic
  2162 | D:3      | Reached skill level 1 in Earth Magic
  2162 | D:3      | Reached skill level 1 in Poison Magic
  2166 | D:3      | Found a broken altar of Ashenzari.
  2170 | D:3      | You pick up a book of Geomancy and begin reading...
  2170 | D:3      | You add the spells Sandblast, Passwall and Stone Arrow to
                  | your library.
  2184 | D:3      | Reached XP level 5. HP: 37/37 MP: 4/12
  3119 | D:4      | Noticed a black bear
  3135 | D:4      | HP: 8/37 [orc/+0 short sword (3)]
  3135 | D:4      | HP: 1/37 [black bear (3)]
  3136 | D:4      | Killed a black bear
  3136 | D:4      | Slain by an orc wizard

Vanquished Creatures
  A black bear (D:4)
  An orc priest (D:4)
  6 adders
  3 gnolls (D:3)
  2 worms
  3 orcs
  6 ball pythons
  5 endoplasms
  5 giant cockroaches
  3 goblins
  5 hobgoblins
  4 jackals (D:4)
  5 kobolds
  3 quokkas
  6 bats
  5 frilled lizards
  3 rats
66 creatures vanquished.

Vanquished Creatures (collateral kills)
  An adder (D:3)
1 creature vanquished.

Vanquished Creatures (others)
  A worm zombie (D:3)
  A bat zombie (D:3)
  2 endoplasm zombies
  A giant cockroach zombie (D:3)
  2 gnoll zombies (D:3)
  2 jackal zombies (D:4)
  2 orc zombies
  A rat zombie (D:3)
12 creatures vanquished.

Grand Total: 79 creatures vanquished

Table legend:
 A = Non-vault XP
 B = Vault XP
 C = Vault XP percentage of total XP
 D = Non-vault monster count
 E = Vault monster count
 F = Vault count percentage of total count
                 A         B        C        D         E       F
            +---------+---------+-------+---------+---------+-------
      Total |     409 |       0 |   0.0 |      67 |       0 |   0.0
            +---------+---------+-------+---------+---------+-------
        D:1 |      27 |       0 |   0.0 |      17 |       0 |   0.0
        D:2 |      81 |       0 |   0.0 |      20 |       0 |   0.0
        D:3 |      98 |       0 |   0.0 |      19 |       0 |   0.0
        D:4 |     203 |       0 |   0.0 |      11 |       0 |   0.0
            +---------+---------+-------+---------+---------+-------

Illustrated notes

Table legend:
 A = Kills in this place as a percentage of kills in entire the game.
 B = Kills by you in this place as a percentage of kills by you in the entire game.
 C = Kills by friends in this place as a percentage of kills by friends in the entire game.
 D = Other kills in this place as a percentage of other kills in the entire game.
 E = Experience gained in this place as a percentage of experience gained in the entire game.
 F = Experience gained in this place divided by the number of levels of this place that you have seen.
                   A       B       C       D       E      F
               +-------+-------+-------+-------+-------+----------------------
         Total | 100.0 | 100.0 | 100.0 |   N/A | 100.0 | 102.2
       Dungeon | 100.0 | 100.0 | 100.0 |   N/A | 100.0 | 102.2
               +-------+-------+-------+-------+-------+----------------------

Table legend: (Time is in decaauts)
 A = Elapsed time spent in this place.
 B = Non-inter-level travel time spent in this place.
 C = Inter-level travel time spent in this place.
 D = Time resting spent in this place.
 E = Time spent auto-exploring this place.
 F = Levels seen in this place.
 G = Mean time per level.
                   A        B        C        D        E       F      G
               +--------+--------+--------+--------+--------+-----+--------+
         Total |   3134 |   3036 |     98 |      0 |   2731 |   4 |  783.5 |
       Dungeon |   3134 |   3036 |     98 |      0 |   2731 |   4 |  783.5 |
               +--------+--------+--------+--------+--------+-----+--------+

Top non-repeatable levels by time:
     D:2: 1235 daAuts
     D:3: 895 daAuts
     D:1: 860 daAuts
     D:4: 142 daAuts
